monkhack, neutral male human Monk ---- |..------- --....||..--- ---.....--....| |.............| |.%..........-|.. .-- |............--.....--- ---.|........^........--- |.... ------.........GG..0..| ......---..... |......%.@.......--- ............... --.........|........---......)%).<... |..........----.......%............... |..........- -.--...[--......).... --...(...... - --..--|......*... |.......... ---- ---....... ---....... . ... |....0-- ---...| --.- monkhack the Initiate Experience level: 8 Strength: 18 Dexterity: 11 Constitution: 12 Intelligence: 13 Wisdom: 10 Charisma: 12 Health: 0(51) Energy: 36(36) AC: 0 Gold: 21 Moves: 2296 Your Inventory: Coins $ - 21 gold pieces Weapons q - a [blessed +2] dagger u - a [blessed +1] dagger C - a blessed [+0] broad pick [dwarvish mattock] Armor a - an uncursed +2 pair of leather gloves (being worn) b - an uncursed +1 robe (being worn) p - an [uncursed +0] dwarvish cloak s - an [uncursed +0] dwarvish cloak G - an [uncursed] +0 dwarvish iron helm (being worn) J - an [uncursed] +0 pair of iron shoes [of fire resistance] (being worn) P - a cursed [-2] dwarvish cloak Q - a blessed [+0] dwarvish cloak T - a cursed [-1] dwarvish cloak Comestibles i - 3 uncursed fortune cookies Wands j - an uncursed wand called ceramic - vanish [of teleportation (0:5)] Tools k - 8 uncursed [tallow] candles l - 2 uncursed [wax] candles m - an uncursed [oil] lamp called lamp 1 (lit) r - an [uncursed] tin whistle B - an uncursed bag called holding [of holding] L - an uncursed [oil] lamp called lamp 1 Gems o - an [uncursed] orange gem [worthless glass] Contents of the bag of holding: 580 gold pieces 6 cursed [-2] arrows an uncursed [+0] crude dagger [orcish] an uncursed [+0] dagger 33 uncursed [+1] darts 20 uncursed [+0] darts an uncursed [+0] knife [of stealth] 27 uncursed poisoned [+0] crude arrows [orcish] an uncursed [+0] runed dagger [elven] an uncursed [+0] dwarvish cloak an uncursed +0 dwarvish iron helm an uncursed +1 dwarvish mithril-coat an uncursed +0 pair of buckled boots [water walking] an uncursed +0 pair of jumping boots an uncursed +0 pair of snow boots [kicking] 6 uncursed apples an uncursed food ration 7 uncursed oranges 2 uncursed scrolls labeled EIRIS SAZUN IDISI [of identify] an uncursed scroll labeled VERR YED HORRE [of food detection] 2 uncursed scrolls of create monster 2 uncursed scrolls of light a blessed spellbook of healing a blessed clear potion [of holy water] an uncursed ochre potion [of extra healing] 3 uncursed potions of healing a cursed white potion [of invisibility] an uncursed oak wand [of magic missile] (0:0) an uncursed oak wand [of magic missile] (0:0) an uncursed wand of striking (0:0) an uncursed wand of striking (0:0) an uncursed wand of striking (0:0) 3 uncursed [wax] candles 4 uncursed [tallow] candles an uncursed [+0] pick-axe an uncursed green gem [worthless glass] an uncursed red gem [worthless glass] 2 uncursed white gems [worthless glass] 3 uncursed yellow gems [worthless glass] Spells known in the end: Name Level Category Fail Memory a - healing 1 healing 0% [||||||||] Your skills at the end: Fighting Skills martial arts [Skilled] Weapon Skills Spellcasting Skills healing spells [Basic] Final Attributes: You were piously aligned. Hunger level was 839. Your alignment was 21 / 21. Monster difficulty range was 1 - 7. Level difficulty was 6. You were immune to fire. You were immune to sleep. You were immune to poison. You saw invisible. You were telepathic. You were warned. You were stealthy. You were fast. Your luck was zero. You are dead. Vanquished creatures: a tengu a leprechaun 2 orc-captains a gnome king a housecat a gnome mummy a snow ant 7 Mordor orcs 3 Uruk-hai 4 orc shamans a pony a yellow light a shrieker 5 gnome lords a gray ooze a baby crocodile a floating eye a kitten 6 dwarves a homunculus 11 hill orcs 2 acid blobs a coyote 3 hobbits 2 giant rats 19 gnomes 3 geckos 4 jackals a fox 3 kobolds 15 goblins a sewer rat 3 grid bugs 2 bats 2 lichens 5 newts 118 creatures vanquished. Voluntary challenges: You pretended to be a vegetarian. You used a wielded weapon 1 time. You read items or engraved 12 times. You put on armor 12 times. You never genocided any monsters. You never polymorphed an object. You never changed form. You used no wishes. You wrote Elbereth's name 9 times. You never encountered a bones level. You never used any Sokoban shortcuts. Dungeon overview: The Dungeons of Doom: levels 1 to 2 Level 1 some fountains, a sink a long staircase Level 2 an armor shop, a fountain stairs to The Gnomish Mines The Gnomish Mines: levels 3 to 6 Level 3 stairs to The Dungeons of Doom Level 5 some shops, a temple, a magic chest, some fountains Level 6 <- You were here History has recorded: On T:1 you entered the Dungeons of Doom to retrieve the Amulet of Yendor! On T:346 you reached level 2 of The Dungeons of Doom. On T:346 you advanced to experience level 2. On T:770 you advanced to experience level 3. On T:896 you reached level 1 of The Gnomish Mines. On T:898 you advanced to experience level 4. On T:950 you advanced to experience level 5. On T:1193 you advanced to experience level 6. On T:1408 you reached level 2 of The Gnomish Mines. On T:1482 you reached level 3 of The Gnomish Mines. On T:1691 you reached level 4 of The Gnomish Mines. On T:1753 you advanced to experience level 7. On T:1920 you advanced to experience level 8. Latest messages: It must be a tin whistle! That food really hit the spot! You finish eating the food ration. [5 turns] You see here a figurine of a gecko. You hit the tengu! The tengu bites! You hit the tengu! The tengu bites! You kill the tengu! You see here a tengu corpse. You are hit by a crossbow bolt! You are almost hit by a dagger. You kill the gnome! You see here a dagger. u - a dagger. The gnome wields a dagger! The gnome wields 3 daggers! You kill the gnome! You see here 3 daggers. The gnome zaps a uranium wand! The wand hits you! You die... Final status: Punardarsanaya monkhack the Monk... You died in The Gnomish Mines on dungeon level 6 with 10094 points, and 601 pieces of gold, after 2296 moves. You were level 8 with a maximum of 51 hit points when you died.